 Dungeon Crawl Stone Soup version 0.17-a0-896-g249456b (webtiles) character file.

401 digdugdiggy the Spear-Bearer (level 6, -4/48 HPs)
             Began as a Merfolk Gladiator on May 2, 2015.
             Was a Follower of Okawaru.
             Killed from afar by an orc (10 damage)
             ... with a wand of fire
             ... on level 4 of the Dungeon.
             The game lasted 00:05:02 (3445 turns).

digdugdiggy the Spear-Bearer (Merfolk Gladiator)    Turns: 3445, Time: 00:05:02

Health: -4/48      AC: 10    Str: 22    XL:     6   Next: 85%
Magic:  6/6        EV: 12    Int:  8    God:    Okawaru [*.....]
Gold:   215        SH:  0    Dex: 14    Spells: 0 memorised, 5 levels left

rFire  + . .     SeeInvis .     a - +1 trident
rCold  . . .     Clarity  .     f - +3 scale mail
rNeg   + . .     SustAb   .     (no shield)
rPois  .         Gourm    .     c - +0 helmet
rElec  .         Spirit   .     (no cloak)
rCorr  .         Warding  +     (no gloves)
rMut   .         Stasis   .     (no boots)
MR     .....                    r - amulet of warding
Stlth  +.........               g - ring of protection from fire
                                m - ring of stealth

@: mighty, not resistant to hostile enchantments, very unstealthy
A: change form in water, swift swim
a: Heroism, Renounce Religion


You were on level 4 of the Dungeon.
You worshipped Okawaru.
Okawaru was aware of your devotion.
You were not hungry.

You visited 1 branch of the dungeon, and saw 4 of its levels.

You collected 215 gold pieces.

Inventory:

Hand weapons
 a - a +1 trident (weapon)
Missiles
 d - 3 throwing nets (quivered)
Armour
 c - a +0 helmet (worn)
 f - a +3 scale mail (worn)
Jewellery
 g - a ring of protection from fire (right hand)
 m - a ring of stealth (left hand)
 r - an amulet of warding (around neck)
Scrolls
 h - 3 scrolls of identify
 i - a scroll of recharging
 s - a scroll of fear
 v - a scroll of enchant armour {unknown}
 w - a scroll of enchant weapon
 x - a scroll of immolation {unknown}
 y - a scroll of remove curse
Potions
 j - a potion of beneficial mutation {unknown}
 k - 2 potions of curing
 l - 2 potions of flight
 n - 2 potions of might
 o - a potion of brilliance
 q - a potion of haste {unknown}
 u - a potion of heal wounds {unknown}
 A - a potion of resistance {unknown}
Books
 b - a book of the Sky

   Spells                             Type                      Level
   a - Flight                         Charms/Air                   3
   b - Airstrike                      Air                          4
   c - Silence                        Hexes/Air                    5
   d - Deflect Missiles               Charms/Air                   6
   e - Conjure Ball Lightning         Conjuration/Air              6
   f - Tornado                        Air                          9
Comestibles
 e - 3 bread rations
 p - a beef jerky
 t - a fruit
 z - 2 chunks of flesh
 B - a meat ration


   Skills:
 - Level 4.0 Fighting
 * Level 8.8 Polearms
 - Level 2.0 Throwing
 - Level 5.5 Dodging


You had 5 spell levels left.
You didn't know any spells.

Dungeon Overview and Level Annotations

Branches:
Dungeon (4/15)
 Temple: D:4-7

Altars:
Okawaru
Sif Muna

Shops:
D:4 }


Message History

The orc barely misses you. The orc hits you but does no damage.
You closely miss the orc.
The orc is moderately wounded.
The orc barely misses you. The orc misses you.
You completely miss the orc.
The orc is moderately wounded.
The orc hits you with a rapier.
* * * LOW HITPOINT WARNING * * *
You closely miss the orc.
The orc is moderately wounded.
The orc closely misses you.
Your scale mail prevents you from hitting the orc.
The orc is moderately wounded.
The orc barely misses you.
The orc zaps a wand.
The bolt of fire hits you! You resist.
* * * LOW HITPOINT WARNING * * *
Drink which item? (? for menu, Esc to quit)
You feel better. The orc hits you but does no damage.
The orc zaps a wand.
The bolt of fire hits you! You resist.
You die...

....###.... .........####.##....
##...###... .............#.##....
###..).#...#.......#..##.#..#....
###.##.....#................)))<.
.............##.............#....
.......#...#.##.............#....
......##.....##.............#....
.........#...##o(o..........#....
......######.##.@.>...)...#......
......# #..##......(.#####..#.#
......## ##...)........# #...##.#
.......# #..#........### #.#.##.#
.......###.#####......# #.#..#.#
######.#...# #......####.##.#.#
#...### ###......##...##)#.#
#..## ##........#..##.....# ##.#
#..#........###.....#


You could see 2 orcs.

Vanquished Creatures
  A phantom (D:4)
  2 orc priests
  2 orc wizards (D:4)
  A worker ant (D:4)
  A hound skeleton (D:4)
  7 gnolls
  An adder (D:2)
  An ooze (D:4)
  An adder skeleton (D:4)
  A worm (D:2)
  2 giant geckos
  7 orcs
  A ball python (D:1)
  8 bats
  2 bat skeletons (D:4)
  8 hobgoblins
  3 jackals (D:3)
  4 kobolds
  A quokka (D:4)
  A giant cockroach (D:1)
  A giant newt (D:2)
  11 goblins
  8 rats
75 creatures vanquished.

Notes
Turn   | Place    | Note
--------------------------------------------------------------
     0 | D:1      | digdugdiggy, the Merfolk Gladiator, began the quest for the Orb.
     0 | D:1      | Reached XP level 1. HP: 16/16 MP: 1/1
   251 | D:1      | Reached XP level 2. HP: 22/22 MP: 2/2
   301 | D:1      | Reached skill level 5 in Polearms
   972 | D:2      | Reached XP level 3. HP: 28/28 MP: 3/3
  1610 | D:2      | Reached XP level 4. HP: 20/34 MP: 4/4
  1613 | D:2      | Reached skill level 6 in Polearms
  2089 | D:3      | Reached XP level 5. HP: 36/41 MP: 5/5
  2218 | D:3      | Found an iron altar of Okawaru.
  2258 | D:3      | Became a worshipper of Warmaster Okawaru
  2422 | D:3      | Found a deep blue altar of Sif Muna.
  2712 | D:4      | Reached skill level 7 in Polearms
  2712 | D:4      | Reached skill level 5 in Dodging
  3032 | D:4      | Reached XP level 6. HP: 26/48 MP: 6/6
  3229 | D:4      | Found Ranas's Gadget Shoppe.
  3282 | D:4      | Noticed a phantom
  3303 | D:4      | Killed a phantom
  3303 | D:4      | Reached skill level 8 in Polearms
  3437 | D:4      | Acquired Okawaru's first power
  3444 | D:4      | HP: 1/48 [orc/wand of fire (5)]
  3445 | D:4      | Killed from afar by an orc

Action                   |  1- 3 |  4- 6 || total
-------------------------+-------+-------++-------
Melee: Trident           |   106 |   194 ||   300
  Use: Scroll            |     8 |     1 ||     9
       Potion            |       |     2 ||     2
  Eat: Chunk             |     2 |     6 ||     8
